 Dungeon Crawl Stone Soup version 0.30-a0-141-g30f27751c5 (webtiles) character file.

Game seed: 11301220518362081363

3622 qw the Cleaver (level 10, -1/64 HPs)
             Began as a Gargoyle Fighter on Sept 25, 2022.
             Engulfed by a steam dragon's steam (2 damage)
             ... on level 8 of the Dungeon.
             The game lasted 00:03:05 (8332 turns).

qw the Cleaver (Gargoyle Fighter)                   Turns: 8332, Time: 00:03:06

Health: -1/64      AC: 22    Str: 30    XL:     10   Next: 11%
Magic:  0/10       EV:  8    Int:  9    God:
Gold:   300        SH:  5    Dex:  9    Spells: 9/9 levels left

rFire   . . .      SeeInvis +    q - +0 war axe
rCold   . . .      Faith    .    c - +0 buckler
rNeg    + . .      Spirit   +    v - +0 chain mail
rPois   inf        Reflect  .    n - +2 hat
rElec   +          Harm     .    (no cloak)
rCorr   .          Rampage  +    l - +0 pair of gloves
Will    .....                    t - +1 pair of boots {rampage}
Stlth   ..........               m - amulet of guardian spirit
HPRegen 0.20/turn                u - +6 ring of strength
MPRegen 0.12/turn                r - ring of see invisible

@: about to teleport
A: sickness immunity, AC +7, negative energy resistance 1, electricity
resistance, torment resistance 1, petrification resistance
a: no special abilities


You were on level 8 of the Dungeon.
You visited 2 branches of the dungeon, and saw 9 of its levels.

You collected 300 gold pieces.


Innate Abilities, Weirdness & Mutations

You are immune to sickness and miasma.
Your stone body is resilient. (AC +7)
You are immune to poison.
You resist negative energy. (rN+)
You are resistant to electric shocks. (rElec)
You are resistant to unholy torment.
You are immune to petrification.


   Skills:
 - Level 8.0 Fighting
 + Level 10.2 Axes
 - Level 5.8 Armour
 - Level 1.1 Dodging
 - Level 5.4 Shields


You had 9 spell levels left.
You didn't know any spells.
Your spell library was empty.

Inventory:

Hand Weapons
 b - a +0 flail
 q - a +0 war axe (weapon)
Armour
 c - a +0 buckler (worn)
 j - a +1 scale mail of fire resistance
 l - a +0 pair of gloves (worn)
 n - a +2 hat (worn)
 t - a +1 pair of boots of rampaging (worn)
 v - a +0 chain mail (worn)
Jewellery
 m - an amulet of guardian spirit (around neck)
 r - a ring of see invisible (right hand)
 u - a +6 ring of strength (left hand)
 Y - a ring of willpower
Scrolls
 a - 3 scrolls of teleportation
 p - a scroll of identify
Potions
 d - 2 potions of might
 e - a potion of resistance
 f - 3 potions of cancellation
 g - a potion of berserk rage {unknown}
 h - a potion of mutation {unknown}
 k - a potion of lignification

Dungeon Overview and Level Annotations

Branches:
Dungeon (8/15)             Temple (1/1) D:4
   Lair: D:8-11

Altars:
Ashenzari
Dithmenos
Fedhas
Kikubaaqudgha
Makhleb
Nemelex Xobeh
Sif Muna
Trog
Uskayaw
Vehumet
Xom
Yredelemnul
Zin
The Shining One

Annotations:
D:4 2 transporters


Message History

The centaur shoots an arrow.
The arrow hits you but does no damage.
You barely miss the steam dragon.
The steam dragon is heavily wounded.
You hit the komodo dragon.
You hit the orc warrior but do no damage.
You hit the orc wizard but do no damage.
You are engulfed in a cloud of scalding steam.
The centaur shoots an arrow.
You block the arrow.
The orc wizard hits you with a +0 dagger.
The orc warrior barely misses you. The steam dragon breathes steam at you.
The ball of steam misses you. The komodo dragon bites you!
The centaur shoots an arrow.
The arrow hits you.
You slash the steam dragon!
The steam dragon is almost dead.
You slash the komodo dragon! You hit the orc warrior. You slash the orc wizard!
You kill the orc wizard!
The centaur is engulfed in a cloud of scalding steam.
The centaur shoots an arrow.
The arrow misses you.
The orc warrior hits you but does no damage.
The komodo dragon is engulfed in a cloud of scalding steam.
The komodo dragon bites you! You block the steam dragon's attack.
The steam dragon claws you.
8331 ||| READING 4 scrolls of teleportation.
As you read the scroll of teleportation, it crumbles to dust.
You feel strangely unstable.
You are engulfed in a cloud of scalding steam.
The centaur is engulfed in a cloud of scalding steam.
The centaur shoots an arrow.
The arrow hits you but does no damage. You block the orc warrior's attack.
The komodo dragon is engulfed in a cloud of scalding steam.
The komodo dragon barely misses you. The steam dragon bites you.
The steam dragon barely misses you.
The centaur is engulfed in a cloud of scalding steam.
The centaur shoots an arrow.
The arrow hits you but does no damage.
You hit the steam dragon but do no damage.
The steam dragon is almost dead.
You slash the komodo dragon! You hit the orc warrior.
You are engulfed in a cloud of scalding steam.
You die...

#!.. ...
###.#########
##.....#.....##
##....¤........##
#....¤...<......#
#....c¤¤........#
#....l.¤........#
#....o@.¤........
#....)D.¤........
##.....¤¤......##
.....###......###
....# #.....##
..## #...### .
...## .##


You could see a komodo dragon, a steam dragon, an orc warrior and a centaur.

Vanquished Creatures
  An ugly thing (D:7)
  A cyclops (D:7)
  5 yaks (D:7)
  2 water moccasins (D:7)
  A black bear (D:4)
  2 ogres
  A centaur (D:6)
  A phantom (D:6)
  A kobold brigand (D:7)
  2 bullfrogs (D:7)
  3 scorpions
  4 necrophages
  2 howler monkeys
  A jelly (D:6)
  7 hounds
  3 iguanas
  3 orc wizards
  14 gnolls
  16 adders
  2 shadow imps
  2 white imps
  3 ufetubi
  A worm (D:2)
  3 dart slugs (D:1)
  16 orcs
  3 endoplasms
  4 giant cockroaches
  5 goblins
  5 hobgoblins
  6 jackals
  9 kobolds
  2 quokkas (D:1)
  15 ball pythons
  7 bats
  7 frilled lizards
  2 rats (D:1)
162 creatures vanquished.

Vanquished Creatures (others)
  An orc wizard (D:6)
  10 demonic plants (D:1)
  8 fungi (D:1)
  9 plants (D:1)
  7 withered plants (D:1)
35 creatures vanquished.

Grand Total: 197 creatures vanquished

Notes
Turn   | Place    | Note
-------+----------+-------------------------------------------
     0 | D:1      | qw the Gargoyle Fighter began the quest for the Orb.
     0 | D:1      | Reached XP level 1. HP: 14/14 MP: 1/1
     0 | D:1      | 0 ||| qw: Version: 0.2-a-10-g399e6c4
     0 | D:1      | 0 ||| qw: Game counter: 207
     0 | D:1      | 0 ||| qw: Always use a shield: true
     0 | D:1      | 0 ||| qw: God list: Okawaru
     0 | D:1      | 0 ||| qw: Allow faded altars: false
     0 | D:1      | 0 ||| qw: Do Orc after D:15 true
     0 | D:1      | 0 ||| qw: Do second Lair branch before Depths: true
     0 | D:1      | 0 ||| qw: Lair rune preference: random
     0 | D:1      | 0 ||| qw: Plans: Normal, Zot:1-4, God:TSO, Crypt, Tomb,
                  | Pan, Slime:5, Hells, Abyss, Orb
     0 | D:1      | 0 ||| PLANNING D:1-11
    43 | D:1      | Reached skill level 2 in Axes
   124 | D:1      | Found a faded altar of an unknown god.
   131 | D:1      | 131 ||| Stepping ~*~*~tactically~*~*~ (stealth).
   308 | D:1      | Reached XP level 2. HP: 19/19 MP: 2/2
   342 | D:1      | 342 ||| Stepping ~*~*~tactically~*~*~ (stealth).
   476 | D:1      | 476 ||| Stepping ~*~*~tactically~*~*~ (stealth).
   478 | D:1      | 478 ||| Stepping ~*~*~tactically~*~*~ (stealth).
   480 | D:1      | 480 ||| Stepping ~*~*~tactically~*~*~ (hiding).
   490 | D:1      | Reached skill level 3 in Axes
   505 | D:1      | 505 ||| Stepping ~*~*~tactically~*~*~ (stealth).
   523 | D:1      | Reached XP level 3. HP: 23/23 MP: 3/3
   532 | D:1      | 532 ||| Stepping ~*~*~tactically~*~*~ (hiding).
   869 | D:1      | 869 ||| Stepping ~*~*~tactically~*~*~ (stealth).
  1354 | D:1      | 1354 ||| DROPPING +6 ring of intelligence.
  1355 | D:1      | 1355 ||| READING 3 scrolls labelled VAAQEMN QIABB.
  1359 | D:1      | 1359 ||| READING scroll labelled WAXKAACR ACHA.
  1360 | D:1      | 1360 ||| READING scroll labelled FUT LATHOB JYK.
  1408 | D:2      | 1408 ||| STAIRDANCE
  1596 | D:2      | Reached XP level 4. HP: 28/28 MP: 4/4
  1727 | D:2      | Reached skill level 4 in Axes
  2009 | D:2      | Found a bloodstained altar of Trog.
  2281 | D:2      | 2281 ||| UPGRADING to +1 scale mail of fire resistance.
  2291 | D:2      | 2291 ||| DROPPING +0 scale mail.
  2292 | D:2      | 2292 ||| UPGRADING to +0 pair of gloves.
  2297 | D:2      | 2297 ||| DROPPING amulet of faith.
  2298 | D:2      | 2298 ||| READING scroll labelled HECEWU YV BATU.
  2299 | D:2      | 2299 ||| READING scroll labelled CAOSYMIRID.
  2300 | D:2      | 2300 ||| READING scroll labelled LIK FIVUTAVIFI.
  2347 | D:3      | Noticed a necrophage
  2358 | D:3      | Killed a necrophage
  2359 | D:3      | Reached XP level 5. HP: 30/32 MP: 5/5
  2372 | D:3      | 2372 ||| Stepping ~*~*~tactically~*~*~ (stealth).
  2404 | D:3      | Reached skill level 5 in Axes
  2413 | D:3      | 2413 ||| Stepping ~*~*~tactically~*~*~ (stealth).
  2812 | D:3      | 2812 ||| DROPPING +0 club.
  2821 | D:3      | Reached XP level 6. HP: 29/38 MP: 6/6
  2824 | D:3      | Reached skill level 1 in Dodging
  3082 | D:3      | 3082 ||| READING scroll labelled QEUCWEU QUJAJU.
  3083 | D:3      | 3083 ||| READING scroll labelled TAJYPS ZOVA.
  3084 | D:3      | 3084 ||| DRINKING 2 viscous emerald potions.
  3153 | D:4      | Found a shimmering blue altar of Sif Muna.
  3530 | D:4      | 3530 ||| DROPPING +0 whip.
  3657 | D:4      | Found a staircase to the Ecumenical Temple.
  3669 | D:4      | 3669 ||| PLANNING TEMPLE
  3710 | D:4      | 3710 ||| UPGRADING to +2 hat.
  3718 | Temple   | Entered the Ecumenical Temple
  3861 | Temple   | 3861 ||| PLANNING D:1-11
  3955 | D:4      | Noticed a black bear
  3969 | D:4      | Killed a black bear
  3970 | D:4      | Reached skill level 6 in Axes
  3970 | D:4      | Reached XP level 7. HP: 35/43 MP: 7/7
  4261 | D:4      | Found a transporter.
  4288 | D:4      | Found a transporter.
  4474 | D:4      | 4474 ||| Stepping ~*~*~tactically~*~*~ (stealth).
  4537 | D:4      | 4537 ||| DRINKING 3 fuming orange potions.
  4538 | D:4      | 4538 ||| DRINKING 2 emerald potions.
  4539 | D:4      | 4539 ||| DROPPING 2 potions of degeneration.
  4584 | D:5      | Entered Level 5 of the Dungeon
  4718 | D:5      | 4718 ||| FLEEEEING.
  4719 | D:5      | 4719 ||| FLEEEEING.
  4721 | D:5      | 4721 ||| FLEEEEING.
  4722 | D:5      | 4722 ||| FLEEEEING.
  4723 | D:5      | 4723 ||| FLEEEEING.
  4724 | D:5      | 4724 ||| FLEEEEING.
  4725 | D:5      | 4725 ||| FLEEEEING.
  4726 | D:5      | 4726 ||| FLEEEEING.
  4727 | D:5      | 4727 ||| FLEEEEING.
  4728 | D:5      | 4728 ||| FLEEEEING.
  4729 | D:5      | 4729 ||| FLEEEEING.
  4730 | D:5      | 4730 ||| FLEEEEING.
  4731 | D:5      | 4731 ||| FLEEEEING.
  4732 | D:5      | 4732 ||| FLEEEEING.
  4733 | D:5      | 4733 ||| FLEEEEING.
  4740 | D:5      | 4740 ||| FLEEEEING.
  4741 | D:5      | 4741 ||| STAIRDANCE
  5012 | D:5      | Reached skill level 7 in Axes
  5012 | D:5      | 5012 ||| Stepping ~*~*~tactically~*~*~ (stealth).
  5024 | D:5      | 5024 ||| Stepping ~*~*~tactically~*~*~ (stealth).
  5123 | D:5      | 5123 ||| FLEEEEING.
  5124 | D:5      | 5124 ||| FLEEEEING.
  5125 | D:5      | 5125 ||| FLEEEEING.
  5126 | D:5      | 5126 ||| FLEEEEING.
  5127 | D:5      | 5127 ||| FLEEEEING.
  5132 | D:5      | 5132 ||| FLEEEEING.
  5133 | D:5      | 5133 ||| FLEEEEING.
  5134 | D:5      | 5134 ||| FLEEEEING.
  5135 | D:5      | 5135 ||| FLEEEEING.
  5136 | D:5      | 5136 ||| FLEEEEING.
  5137 | D:5      | 5137 ||| FLEEEEING.
  5138 | D:5      | 5138 ||| FLEEEEING.
  5139 | D:5      | 5139 ||| FLEEEEING.
  5140 | D:5      | 5140 ||| FLEEEEING.
  5141 | D:5      | 5141 ||| FLEEEEING.
  5142 | D:5      | 5142 ||| FLEEEEING.
  5143 | D:5      | 5143 ||| STAIRDANCE
  5178 | D:4      | 5178 ||| UPGRADING to amulet of guardian spirit.
  5183 | D:4      | 5183 ||| UPGRADING to ring of willpower.
  5184 | D:4      | 5184 ||| DRINKING 3 bubbling sapphire potions.
  5391 | D:5      | 5391 ||| UPGRADING to +1 pair of boots of rampaging.
  5396 | D:5      | 5396 ||| UPGRADING to ring of see invisible.
  5397 | D:5      | 5397 ||| READING scroll labelled YLAISTR XICREING.
  5480 | D:6      | Reached XP level 8. HP: 45/49 MP: 8/8
  5553 | D:6      | 5553 ||| Stepping ~*~*~tactically~*~*~ (stealth).
  5574 | D:6      | Reached skill level 8 in Axes
  5605 | D:6      | 5605 ||| Stepping ~*~*~tactically~*~*~ (hiding).
  5710 | D:6      | Reached skill level 6 in Fighting
  5919 | D:6      | 5919 ||| Stepping ~*~*~tactically~*~*~ (stealth).
  5922 | D:6      | 5922 ||| Stepping ~*~*~tactically~*~*~ (hiding).
  5985 | D:6      | 5985 ||| Stepping ~*~*~tactically~*~*~ (stealth).
  5986 | D:6      | 5986 ||| Stepping ~*~*~tactically~*~*~ (stealth).
  6352 | D:6      | 6352 ||| DROPPING scarf of invisibility.
  6353 | D:6      | 6353 ||| UPGRADING to +6 ring of strength.
  6376 | D:7      | 6376 ||| Stepping ~*~*~tactically~*~*~ (stealth).
  6380 | D:7      | 6380 ||| Stepping ~*~*~tactically~*~*~ (stealth).
  6408 | D:7      | Reached skill level 9 in Axes
  6502 | D:7      | Reached XP level 9. HP: 48/55 MP: 9/9
  6610 | D:7      | 6610 ||| Stepping ~*~*~tactically~*~*~ (hiding).
  6691 | D:7      | 6691 ||| FLEEEEING.
  6696 | D:7      | 6696 ||| FLEEEEING.
  6708 | D:7      | Noticed a cyclops
  6710 | D:7      | 6710 ||| FLEEEEING.
  6711 | D:7      | 6711 ||| FLEEEEING.
  6712 | D:7      | 6712 ||| FLEEEEING.
  6713 | D:7      | 6713 ||| FLEEEEING.
  6722 | D:7      | 6722 ||| STAIRDANCE
  6797 | D:6      | 6797 ||| DRINKING 2 golden potions.
  6798 | D:6      | 6798 ||| DRINKING 2 viscous brown potions.
  6799 | D:6      | 6799 ||| DROPPING potion of brilliance.
  6818 | D:7      | Killed a cyclops
  7076 | D:7      | Noticed a catoblepas
  7087 | D:7      | HP: 13/57 [catoblepas (5)]
  7088 | D:7      | 7088 ||| READING 6 scrolls of teleportation.
  7270 | D:7      | 7270 ||| FLEEEEING.
  7271 | D:7      | 7271 ||| FLEEEEING.
  7272 | D:7      | 7272 ||| FLEEEEING.
  7273 | D:7      | 7273 ||| FLEEEEING.
  7274 | D:7      | 7274 ||| FLEEEEING.
  7275 | D:7      | 7275 ||| FLEEEEING.
  7276 | D:7      | 7276 ||| FLEEEEING.
  7277 | D:7      | 7277 ||| FLEEEEING.
  7278 | D:7      | 7278 ||| FLEEEEING.
  7279 | D:7      | 7279 ||| FLEEEEING.
  7280 | D:7      | 7280 ||| FLEEEEING.
  7281 | D:7      | 7281 ||| STAIRDANCE
  7317 | D:6      | 7317 ||| DROPPING orb of energy.
  7318 | D:6      | 7318 ||| DROPPING +2 ring mail of willpower.
  7319 | D:6      | 7319 ||| UPGRADING to +0 chain mail.
  7335 | D:7      | 7335 ||| STAIRDANCE
  7486 | D:7      | Noticed a cyan ugly thing
  7510 | D:7      | Killed a cyan ugly thing
  7585 | D:7      | 7585 ||| Stepping ~*~*~tactically~*~*~ (stealth).
  7625 | D:7      | 7625 ||| FLEEEEING.
  7626 | D:7      | 7626 ||| FLEEEEING.
  7627 | D:7      | 7627 ||| FLEEEEING.
  7630 | D:7      | 7630 ||| STAIRDANCE
  7681 | D:6      | 7681 ||| DROPPING orb of guile.
  7688 | D:7      | HP: 9/57 [catoblepas (7)]
  7689 | D:7      | 7689 ||| READING 5 scrolls of teleportation.
  7841 | D:7      | 7841 ||| Stepping ~*~*~tactically~*~*~ (stealth).
  7950 | D:7      | 7950 ||| Stepping ~*~*~tactically~*~*~ (hiding).
  7956 | D:7      | 7956 ||| Stepping ~*~*~tactically~*~*~ (stealth).
  7974 | D:7      | Reached skill level 10 in Axes
  7981 | D:7      | Reached XP level 10. HP: 44/64 MP: 5/10
  8144 | D:7      | Found a blossoming altar of Fedhas.
  8322 | D:8      | 8322 ||| DRINKING potion of curing.
  8322 | D:8      | 8322 ||| (to cure confusion)
  8330 | D:8      | HP: 10/64 [komodo dragon (10)]
  8331 | D:8      | 8331 ||| READING 4 scrolls of teleportation.
  8331 | D:8      | HP: 3/64 [steam dragon] (4)]
  8331 | D:8      | HP: 1/64 [steam dragon (2)]
  8332 | D:8      | Engulfed by a steam dragon's steam

Levels and vault maps discovered:
D:1:      nicolae_arrival_somewhat_less_tricky_arrival, layout_loops_ring,
          shapermc_ecumenical_altar_gd, corexii_leaking_fountain
D:2:      layout_basic, serial_rivers, chequers_serial_rivers_small_a,
          chequers_serial_rivers_large_a, chequers_serial_rivers_micro_e,
          chequers_serial_rivers_small_b, chequers_serial_rivers_room_b,
          basic_altar, kennysheep_boxes
D:3:      layout_rooms, grunt_ministairs_1
D:4:      gammafunk_wand_slinger, layout_basic, mainiacjoe_overflow_alcove_1,
          minmay_temple_entry_drinking_statues
D:5:      layout_cave_pools, minmay_misc_feat_four_crosses, minmay_starry_boxes
D:6:      minmay_recursive_quarters, layout_loops_ring
D:7:      nzn_winding_woodlands_small
          [nzn_winding_woodlands_5x15_pathside_ponds,
          nzn_winding_woodlands_center_diamonds,
          nzn_winding_woodlands_5x15_default], layout_rooms,
          fedhas_ov_isle_minmay, nicolae_sextant, mrwooster_statue_mirror
D:8:      minmay_thick_lines, layout_rooms, nzn_wu_jian_contemplation,
          minmay_quadrilaterals
Temple:   hellmonk_temple_flake

Skill      XL: |  1  2  3  4  5  6  7  8  9 10 |
---------------+-------------------------------+-----
Axes           | 2 3 4 5 6 7 9 10 | 10.2
Fighting       | 4 5 6 8 |  8.0
Dodging        | 1 |  1.1
Shields        | 4 5 |  5.4
Armour         | 5 |  5.8

Action                   |  1- 3 |  4- 6 |  7- 9 | 10-12 || total
-------------------------+-------+-------+-------+-------++-------
Melee: War axe           |   100 |   148 |   357 |    28 ||   633
  Use: Scroll            |     3 |     5 |     3 |     1 ||    12
       Potion            |       |     1 |     5 |     1 ||     7
Armor: Scale mail        |    62 |    93 |   178 |       ||   333
       Chain mail        |       |       |    34 |    41 ||    75
Dodge: Dodged            |    43 |    69 |   141 |    18 ||   271
Block: Buckler           |    19 |    25 |    67 |    11 ||   122

Table legend:
 A = Non-vault XP
 B = Vault XP
 C = Vault XP percentage of total XP
 D = Non-vault monster count
 E = Vault monster count
 F = Vault count percentage of total count
                 A         B        C        D         E       F
            +---------+---------+-------+---------+---------+-------
      Total |    3290 |    1885 |  36.4 |     144 |      19 |  11.7
            +---------+---------+-------+---------+---------+-------
        D:1 |      61 |       0 |   0.0 |      35 |       0 |   0.0
        D:2 |      67 |       0 |   0.0 |      12 |       0 |   0.0
        D:3 |     171 |      45 |  20.8 |      21 |       4 |  16.0
        D:4 |     296 |       0 |   0.0 |      15 |       0 |   0.0
        D:5 |     272 |     184 |  40.4 |      14 |       4 |  22.2
        D:6 |     594 |     432 |  42.1 |      15 |       7 |  31.8
        D:7 |    1790 |    1224 |  40.6 |      29 |       4 |  12.1
        D:8 |      39 |       0 |   0.0 |       3 |       0 |   0.0
            +---------+---------+-------+---------+---------+-------
